 Dungeon Crawl Stone Soup version 0.29.1-1-gd02db6906a (webtiles) character file.

Game seed: 17646124834188184982

2930 groovy9 the Skirmisher (level 10, -6/90 HPs)
             Began as a Formicid Hunter on Sept 19, 2022.
             Was a Follower of Hepliaklqana.
             Shot with an arrow by a centaur (10 damage)
             ... on level 7 of the Dungeon.
             The game lasted 00:20:56 (7731 turns).

groovy9 the Skirmisher (Formicid Hunter)            Turns: 7731, Time: 00:20:56

Health: -6/90      AC: 29    Str: 16    XL:     10   Next: 7%
Magic:  10/10      EV:  2    Int:  9    God:    Hepliaklqana [*.....]
Gold:   82         SH:  0    Dex: 21    Spells: 9/9 levels left

rFire   . . .      SeeInvis .   a - +0 shortbow
rCold   . . .      Faith    .   (no shield)
rNeg    . . .      Spirit   .   (body armour currently unavailable)
rPois   +          Reflect  .   (helmet unavailable)
rElec   .          Harm     .   (cloak currently unavailable)
rCorr   .          Rampage  .   (gloves currently unavailable)
Will    +....                   (boots currently unavailable)
Stlth   +++++.....              (no amulet)
HPRegen 0.25/turn               d - +4 ring of protection
MPRegen 0.12/turn               p - ring of poison resistance

@: tree-form
A: stationary, stasis, torment immunity, boosted hp, reduced essence, permanent
stasis, dig shafts and tunnels, (antennae 3), four strong arms
a: Renounce Religion, Recall Ancestor, Ancestor Identity


You were on level 7 of the Dungeon.
You worshipped Hepliaklqana.
Hepliaklqana was aware of your devotion.
You were a tree.
You visited 2 branches of the dungeon, and saw 8 of its levels.

You collected 236 gold pieces.
You spent 154 gold pieces at shops.

Inventory:

Hand Weapons
 a - a +0 shortbow (weapon)
 b - a +2 vampiric short sword
 q - a +0 dagger
Armour
 c - a +1 leather armour (melded)
 l - a +1 pair of boots (melded)
Jewellery
 d - a +4 ring of protection (left branch)
 h - a ring of protection from cold
 p - a ring of poison resistance (right branch)
Wands
 f - a wand of roots (6)
 r - a wand of paralysis (12)
 s - a wand of mindburst (9)
 z - a wand of polymorph (4)
Scrolls
 i - 4 scrolls of immolation
 v - a scroll of silence
 x - 3 scrolls of identify
 y - a scroll of enchant weapon
Potions
 e - 5 potions of attraction
 g - a potion of ambrosia
 j - a potion of resistance
 k - 2 potions of flight
 m - 2 potions of might
 n - 2 potions of degeneration
 t - a potion of brilliance
 w - a potion of mutation


   Skills:
 - Level 2.1 Fighting
 * Level 11.5 Ranged Weapons
 - Level 1.7 Dodging
 + Level 10.0 Stealth


You had 9 spell levels left.
You didn't know any spells.
Your spell library contained the following spells:

 Spells                   Type           Power      Damage    Failure   Level
 Apportation              Tloc           0%         N/A       38%         1
 Necrotise                Necr           0%         1d4       38%         1
 Summon Small Mammal      Summ           0%         N/A       38%         1
 Static Discharge         Conj/Air       0%         3-3/arc   52%         2
 Confusing Touch          Hex            0%         N/A       77%         3
 Anguish                  Hex/Necr       0%         N/A       99%         4
 Dispel Undead            Necr           0%         3d6       99%         4
 Sticky Flame             Conj/Fire      0%         2d3       99%         4
 Summon Ice Beast         Ice/Summ       0%         N/A       99%         4
 Summon Mana Viper        Hex/Summ       0%         N/A       100%        5
 Yara's Violent Unravell  Hex/Tmut       0%         3d3       100%        5
 Death Channel            Necr           0%         N/A       100%        6
 Enfeeble                 Hex            0%         N/A       100%        7
 Monstrous Menagerie      Summ           0%         N/A       100%        7
 Infestation              Necr           0%         N/A       100%        8


Dungeon Overview and Level Annotations

Branches:
Dungeon (7/15)             Temple (1/1) D:4

Altars:
Ashenzari
Dithmenos
Gozag
Hepliaklqana
Kikubaaqudgha
Makhleb
Nemelex Xobeh
Okawaru
Qazlal
Sif Muna
Uskayaw
Vehumet
Xom

Shops:
D:6 =![(

Annotations:
D:7 Eustachio


Innate Abilities, Weirdness & Mutations

You are a tree.
Your roots penetrate the ground, keeping you stationary.
You cannot be teleported.
You are immune to unholy pain and torment.
Your maximum health is greatly increased.
Your equipment is partially melded.
Your life essence is reduced to manifest your ancestor. (-10% HP)
You cannot be hasted, slowed, berserked, paralysed or teleported.
You can dig through walls and to a lower floor.
((You have a pair of large antennae on your head. (SInv)))
Your four strong arms can wield two-handed weapons with a shield.


Message History

Really quaff the potion of lignification?
You turn into a tree.
Your +1 pair of boots melds into your body.
Your +1 leather armour melds into your body.
Your roots penetrate the ground.
The centaur shoots an arrow.
The arrow hits you but does no damage.
Fire: a) +0 shortbow
Press: ? - help, Q - select action, (/) - cycle Shift-Dir - straight line, f/p - centaur
Aim: a centaur, wielding a +0 shortbow (heavily wounded, ally target, 77% to hit)
You shoot an arrow. The arrow hits the centaur!
The centaur is almost dead.
The centaur shoots an arrow.
The arrow hits you.
* * * LOW HITPOINT WARNING * * *
The centaur shoots an arrow.
The arrow hits you!
* * * LOW HITPOINT WARNING * * *
You feel better.
The centaur shoots an arrow.
The arrow hits you but does no damage.
Okay, then.
Okay, then.
Fire: a) +0 shortbow
Press: ? - help, Q - select action, (/) - cycle Shift-Dir - straight line, f/p - centaur
Aim: a centaur, wielding a +0 shortbow (almost dead, ally target, 77% to hit)
You shoot an arrow. The arrow closely misses the centaur.
The centaur shoots an arrow.
The arrow hits you but does no damage.
The centaur shoots an arrow.
The arrow hits you.
* * * LOW HITPOINT WARNING * * *
Fire: a) +0 shortbow
Press: ? - help, Q - select action, (/) - cycle Shift-Dir - straight line, f/p - centaur
Aim: a centaur, wielding a +0 shortbow (almost dead, ally target, 77% to hit)
You shoot an arrow. The arrow barely misses the centaur.
The centaur shoots an arrow.
The arrow hits you but does no damage.
You hear a shout!
Fire: a) +0 shortbow
Press: ? - help, Q - select action, (/) - cycle Shift-Dir - straight line, f/p - centaur
Aim: a centaur, wielding a +0 shortbow (almost dead, ally target, 77% to hit)
You shoot an arrow.
The arrow hits the centaur but does no damage.
The centaur is almost dead.
The centaur shoots an arrow.
The arrow hits you!
You die...

###......###.#..........
###......###)))#....#.....
#+#......###...###.......#.>
#......###...###.#(...##.##.
##..c...##..##...#.......#..
##......##....###..........
{##..R...##..##.#.....>#...
{ ##....†.##....#...#.##...
{ ##.....♣##..##.......... {
##..†...##..#..#.......
##......##.#..##...... {
##......###.....##... {
##......##.....###..
##......#.....##...
.....#)####.###...
...###.##.....#...
#..........


You could see the friendly Amurritum the ancestor and a centaur (ally target).

Vanquished Creatures
  Pikel (D:5)
  Menkaure (D:5)
  A water moccasin (D:7)
  An ice beast (D:6)
  2 orc warriors
  2 black bears
  An ogre (D:6)
  2 centaurs
  A bullfrog (D:6)
  A gnoll sergeant (D:7)
  2 necrophages
  A scorpion (D:5)
  6 killer bees (D:7)
  3 howler monkeys
  2 jellies
  2 hounds (D:5)
  A gnoll bouda (D:7)
  3 orc priests
  2 iguanas (D:6)
  An orc wizard (D:5)
  7 adders
  12 gnolls
  6 river rats (D:5)
  3 white imps
  3 worms (D:5)
  2 dart slugs (D:1)
  10 orcs
  10 ball pythons
  2 endoplasms
  4 giant cockroaches
  9 goblins
  6 hobgoblins
  4 kobolds
  3 quokkas
  5 bats
  5 frilled lizards
  9 rats
136 creatures vanquished.

Vanquished Creatures (collateral kills)
  A hornet (D:6)
  A gnoll sergeant (D:7)
2 creatures vanquished.

Vanquished Creatures (others)
  An ancestor (D:7)
1 creature vanquished.

Grand Total: 139 creatures vanquished

Notes
Turn   | Place    | Note
-------+----------+-------------------------------------------
     0 | D:1      | groovy9 the Formicid Hunter began the quest for the Orb.
     0 | D:1      | Reached XP level 1. HP: 16/16 MP: 1/1
    88 | D:1      | Reached XP level 2. HP: 22/22 MP: 2/2
   422 | D:1      | Reached XP level 3. HP: 27/27 MP: 3/3
   424 | D:1      | Found a faded altar of an unknown god.
  1427 | D:3      | Reached XP level 4. HP: 33/33 MP: 4/4
  1437 | D:3      | Reached skill level 5 in Ranged Weapons
  1725 | D:3      | Reached XP level 5. HP: 38/38 MP: 5/5
  2701 | D:4      | Reached skill level 6 in Ranged Weapons
  2701 | D:4      | Reached XP level 6. HP: 44/44 MP: 6/6
  2829 | D:4      | Found a staircase to the Ecumenical Temple.
  2835 | Temple   | Entered the Ecumenical Temple
  3019 | D:5      | Entered Level 5 of the Dungeon
  3456 | D:5      | Got the Octavo of Crystal
  3513 | D:5      | Noticed Pikel
  3532 | D:5      | Killed Pikel
  3533 | D:5      | Reached skill level 7 in Ranged Weapons
  3533 | D:5      | Reached XP level 7. HP: 26/50 MP: 7/7
  3533 | D:5      | Reached XP level 8. HP: 29/56 MP: 8/8
  3714 | D:5      | Reached skill level 8 in Ranged Weapons
  4001 | D:5      | Noticed Menkaure
  4500 | D:5      | HP: 1/53 [orc priest/+0 trident (8)]
  5215 | D:6      | Reached skill level 9 in Ranged Weapons
  5469 | D:6      | Found Lohenu's Jewellery Shoppe.
  5470 | D:6      | Found Leroahag's Armour Shoppe.
  5470 | D:6      | Found Ukam's Antique Weapon Shoppe.
  5470 | D:6      | Found Tiezamae's Distillery.
  5479 | D:6      | Bought a potion of mutation for 112 gold pieces
  5479 | D:6      | Bought a potion of lignification for 42 gold pieces
  5580 | D:6      | Reached XP level 9. HP: 59/61 MP: 9/9
  5700 | D:6      | Found a hazy altar of Hepliaklqana.
  5705 | D:6      | Became a worshipper of Hepliaklqana the Forgotten
  6154 | D:5      | Killed Menkaure
  6442 | D:6      | Reached skill level 10 in Ranged Weapons
  7231 | D:7      | Reached * piety under Hepliaklqana
  7246 | D:7      | Noticed Eustachio
  7253 | D:7      | Noticed a hornet
  7285 | D:6      | Killed a hornet
  7286 | D:6      | Reached skill level 11 in Ranged Weapons
  7546 | D:7      | Reached XP level 10. HP: 37/59 MP: 10/10
  7723 | D:7      | Reached skill level 10 in Stealth
  7727 | D:7      | HP: 2/90 [centaur/arrow (12)]
  7731 | D:7      | Shot with an arrow by a centaur

Illustrated notes

Levels and vault maps discovered:
D:1:      elethiomel_arrival_infinity_welcomes_careful_drivers, layout_rooms,
          hellmonk_ecumenical_altar_arch_garden
D:2:      layout_basic, st_stairs_13
D:3:      layout_basic
D:4:      layout_basic, minmay_temple_entry_fiery
D:5:      layout_cave_pods, lightli_sewer_entry_pipes, uniq_pikel, uniq_menkaure
D:6:      layout_loops_ring, worldfamousw_hep_ancestral_shrine,
          minmay_misc_feat_rugged, minmay_shop_grid_forest
D:7:      minmay_razor_zed, layout_cave_pools, sword_in_stone,
          uniq_crazy_yiuf_cottage
Temple:   hellmonk_temple_flake

Skill      XL: |  1  2  3  4  5  6  7  8  9 10 |
---------------+-------------------------------+-----
Stealth        | 2 3 4 6 7 9 10 | 10.0
Ranged Weapons | 5 6 7 9 11 | 11.5
Fighting       | |  2.1
Dodging        | |  1.7

Action                   |  1- 3 |  4- 6 |  7- 9 | 10-12 || total
-------------------------+-------+-------+-------+-------++-------
Melee: Short sword       |       |    36 |    37 |       ||    73
       Punch             |       |       |     1 |       ||     1
 Fire: Shortbow          |    84 |   141 |   312 |    24 ||   561
Invok: Recall Ancestor   |       |       |     1 |       ||     1
 Abil: Dig               |     1 |     2 |     4 |       ||     7
Evoke: Wand              |       |       |     6 |       ||     6
  Use: Scroll            |     6 |     7 |     6 |       ||    19
       Potion            |       |     1 |     4 |     2 ||     7
Armor: Leather armour    |     3 |    37 |    71 |     2 ||   113
       Skin              |       |       |    20 |     4 ||    24
Dodge: Dodged            |    16 |    55 |   169 |     3 ||   243
